Map: 莱瑞拉克之冠

Players

shengy - Winner!

  • Race: Zerg Zerg
  • League: Platinum

tempertemper

  • Race: Zerg Zerg
  • League: Platinum

VOD

Have the link to the VOD?

Description

Time

  • Played on: Dec. 27, 2015, 8:16 p.m.
  • Length: 9:49
Show
View Real Time Build Order
Export as new Build Order

shengy Zerg - Winner!

Build Orders: Pool First, Zergling Baneling 

Get SALT Encoding   

  12  0:01  Drone  
  13  0:09  Drone  
  14  0:17  Overlord  
  15  0:35  Drone  
  15  0:36  Drone x2  
  17  0:45  Extractor  
  17  0:46  Drone  
  17  0:54  Spawning Pool  
  16  0:57  Drone  
  17  1:09  Drone  
  18  1:26  Hatchery  
  18  1:31  Drone  
  18  1:51  Metabolic Boost  
  18  1:52  Queen  
  20  2:00  Zergling x4  
  22  2:10  Overlord  
  22  2:29  Baneling Nest  
  21  2:30  Drone x2  
  21  2:34  Overlord  
  23  2:42  Queen  
  25  2:46  Zergling x2  
  26  2:58  Zergling x2  
  27  3:12  Zergling x6  
  30  3:13  Zergling x8  
  30  3:15  Baneling x3  
  30  3:16  Baneling  
  29  3:38  Queen  
  29  3:40  Drone x4  
  35  3:44  Drone  
  35  3:45  Extractor  
  35  3:52  Baneling  
  35  3:53  Baneling  
  34  4:06  Roach Warren  
  33  4:19  Baneling x2  
  33  4:24  Zergling x2  
  33  4:25  Zergling x12  
  40  4:31  Baneling x2  
  38  4:53  Baneling x3  
  38  4:59  Zergling x2  
  39  5:00  Zergling x10  
  39  5:01  Overlord  
  35  5:28  Baneling  
  35  5:29  Baneling x2  
  35  5:40  Lair  
  35  5:42  Drone x7  
  41  5:57  Drone  
  41  6:01  Drone  
  41  6:02  Drone  
  44  6:05  Baneling x2  
  44  6:06  Baneling x2  
  44  6:08  Extractor  
  43  6:13  Extractor  
  42  6:21  Drone x7  
  42  6:25  Drone  
  50  6:39  Drone  
  52  6:40  Spire, Drone  
  52  6:41  Overlord  
  52  6:44  Overlord  
  51  6:57  Drone  
  51  6:59  Overlord x3  
  51  7:14  Overlord x3  
  51  7:54  Mutalisk  
  51  7:55  Mutalisk x9  
  71  8:02  Zergling x10  
  76  8:26  Extractor  
  75  8:27  Hatchery  
  75  8:28  Mutalisk x3  
  75  8:31  Extractor  
  70  9:19  Mutalisk  
  70  9:20  Mutalisk x6  
  70  9:22  Zergling x2  
  70  9:23  Zergling x18  
Show
View Real Time Build Order
Export as new Build Order

tempertemper Zerg 

Build Orders: Pool First 

Get SALT Encoding   

  12  0:01  Drone  
  13  0:09  Drone  
  14  0:20  Extractor  
  13  0:21  Overlord  
  13  0:28  Drone  
  14  0:42  Spawning Pool  
  13  0:45  Drone  
  13  0:49  Drone  
  15  0:54  Drone  
  16  1:04  Drone  
  17  1:11  Drone  
  18  1:29  Metabolic Boost  
  18  1:34  Zergling x4  
  18  1:35  Queen  
  22  1:46  Overlord  
  22  1:55  Baneling Nest  
  22  2:00  Overlord  
  21  2:04  Zergling x2  
  22  2:26  Zergling x4  
  24  2:46  Zergling x2  
  24  2:47  Zergling x6  
  28  3:02  Hatchery  
  28  3:03  Zergling x2  
  28  3:10  Zergling x2  
  29  3:31  Zergling x2  
  29  3:32  Zergling x4  
  29  3:38  Zergling x2  
  30  3:42  Baneling x4  
  30  3:50  Overlord  
  30  3:51  Zergling x4  
  32  4:02  Queen  
  34  4:05  Drone  
  34  4:06  Drone  
  35  4:15  Zergling x2  
  35  4:16  Zergling x2  
  35  4:17  Baneling  
  35  4:18  Baneling  
  35  4:27  Queen  
  35  4:31  Zergling x8  
  38  4:33  Baneling  
  38  4:36  Overlord  
  33  4:54  Zergling x2  
  33  4:55  Zergling x4  
  33  4:58  Zergling x2  
  28  5:30  Zergling x12  
  28  5:35  Zergling x2  
  35  5:40  Baneling  
  35  5:41  Baneling x6  
  35  5:43  Baneling  
  35  5:45  Drone x2  
  35  5:46  Drone x2  
  39  6:01  Zergling x2  
  39  6:02  Zergling x4  
  42  6:06  Drone x2  
  44  6:12  Spine Crawler x2  
  44  6:13  Spine Crawler  
  44  6:15  Drone x3  
  44  6:24  Overlord  
  44  6:36  Roach Warren  
  43  6:47  Drone x2  
  43  6:48  Drone x2  
  46  6:55  Drone x4  
  46  6:56  Drone  
  46  7:01  Overlord  
  51  7:12  Extractor  
  51  7:13  Extractor  
  49  7:17  Drone x3  
  49  7:19  Overlord  
  49  7:20  Extractor  
  51  7:38  Drone x4  
  55  7:44  Hatchery, Drone x2  
  56  7:57  Roach x4  
  64  8:03  Lair  
  64  8:15  Evolution Chamber  
  64  8:19  Evolution Chamber  
  62  8:35  Overlord x4  
  62  8:37  Roach  
  62  8:38  Roach x2  
  62  8:39  Overlord  
  59  9:02  Spore Crawler  
  49  9:03  Spore Crawler  
  49  9:05  Roach  
Tags
 
Add a new tag
Caveats
  • Supply blocks, unpowered buildings, or Contaminate may cause inaccurate times.
  • Supply counts are checked every 10 seconds.